 Dungeon Crawl Stone Soup version 0.29.1-12-g30fa7ad0bf (webtiles) character file.

Game seed: 13918765882469099032

61 hawla the Firebug (level 4, -2/34 HPs)
             Began as a Meteoran Fire Elementalist on Jan 5, 2023.
             Slain by an orc
             ... wielding a +0 dagger
              (3 damage)
             ... on level 3 of the Dungeon.
             The game lasted 00:03:30 (565 turns).

hawla the Firebug (Meteoran Fire Elementalist)       Turns: 565, Time: 00:03:31

Health: -2/34      AC:  2    Str: 10    XL:     4   Next: 51%
Magic:  6/10       EV: 10    Int: 18    God:
Gold:   44         SH:  0    Dex: 14    Spells: 7/10 levels left

rFire   . . .      SeeInvis .   (no weapon)
rCold   . . .      Faith    .   (no shield)
rNeg    . . .      Spirit   .   a - +0 robe
rPois   .          Reflect  .   (no helmet)
rElec   .          Harm     .   (no cloak)
rCorr   .          Rampage  .   (no gloves)
Will    .....                   (no boots)
Stlth   +.........              (no amulet)
HPRegen 0.11/turn               (no ring)
MPRegen 0.12/turn               (no ring)

@: confused, brilliant, flying, glowing, constricted, invisible (but backlit and
visible)
A: sense surroundings 1, otherworldly, glowing, explore regen
a: no special abilities


You were on level 3 of the Dungeon.
You visited 1 branch of the dungeon, and saw 3 of its levels.

You collected 44 gold pieces.

Inventory:

Armour
 a - a +0 robe (worn)
Scrolls
 e - 2 scrolls of teleportation
Potions
 b - a potion of magic
 c - a potion of attraction
 g - a potion of brilliance


   Skills:
 + Level 0.3 Fighting
 + Level 2.9 Dodging
 - Level 1.4 Stealth
 + Level 3.7 Spellcasting
 + Level 1.5 Conjurations
 + Level 4.7 Fire Magic


You had 7 spell levels left.
You knew the following spells:

 Your Spells              Type           Power      Damage    Failure   Level
a - Foxfire               Conj/Fire      88%        2x1d8     4%          1
b - Scorch                Fire           60%        2d8       3%          2

Your spell library contained the following spells:

 Spells                   Type           Power      Damage    Failure   Level
 Conjure Flame            Conj/Fire      22%        6-21      12%         3
 Inner Flame              Hex/Fire       17%        N/A       17%         3
 Flame Wave               Conj/Fire      22%        2d8       38%         4


Dungeon Overview and Level Annotations

Branches:
Dungeon (3/15) Zot: 1233

Altars:


Innate Abilities, Weirdness & Mutations

You passively map a small area around you.
You are easily found by Zot.
You glow in the dark.
You regain HP and MP as you explore.


Message History

Something hits you.
The orc priest casts a cantrip, but nothing happens.
The orc hits you with a +0 dagger.
The ball python bites you but does no damage.
The ball python constricts you.
Casting: Scorch (safe; 3% risk of failure)
Confirm with . or Enter, or press ? or * to list all spells.
You feel a surge of power!
You conjure some foxfire!
The orc hits you with a +0 dagger.
* * * LOW HITPOINT WARNING * * *
The ball python misses you. The ball python constricts you.
* * * LOW HITPOINT WARNING * * *
Something hits you.
* * * LOW HITPOINT WARNING * * *
Casting: Foxfire (safe; 4% risk of failure)
Confirm with . or Enter, or press ? or * to list all spells.
You feel a surge of power!
Flames lash the endoplasm.
The endoplasm is almost dead.
The endoplasm's fire resistance burns away.
The foxfire hits something.
The foxfire hits something!
The ball python bites you.
* * * LOW HITPOINT WARNING * * *
The ball python constricts you.
* * * LOW HITPOINT WARNING * * *
Something hits you.
* * * LOW HITPOINT WARNING * * *
The orc hits you with a +0 dagger.
* * * LOW HITPOINT WARNING * * *
Okay, then.
Casting: Scorch (safe; 3% risk of failure)
Confirm with . or Enter, or press ? or * to list all spells.
You feel a surge of power!
You conjure some foxfire!
The orc priest is no longer more vulnerable to fire.
The ball python bites you.
* * * LOW HITPOINT WARNING * * *
The ball python constricts you.
You hear some strange, mumbled words.
You are confused.
The orc hits you with a +0 dagger.
You die...

#, * , , #. * *
* .### , , *
..# *> , , #.#
* , #.# #* *
##.######h##.[,
##....v{SBh...$
#.....v@oJo.#..
,
#...######h#...
#..........# #
#..######.. *
#######..# ,, ,
* #.....#..# *
** #......†.#
### *
#......#.###.##
*
##..⌠..#..[.#.#
*


You could see an orc priest, an orc, an endoplasm (combustible), 3 jackals, a
giant cockroach and a ball python.

Vanquished Creatures
  2 adders (D:2)
  3 dart slugs (D:1)
  An orc (D:3)
  4 bats
  4 endoplasms
  2 giant cockroaches (D:1)
  A goblin (D:2)
  2 hobgoblins
  6 jackals
  2 quokkas (D:1)
  A ball python (D:2)
  A frilled lizard (D:3)
  2 kobolds
  A rat (D:1)
32 creatures vanquished.

Vanquished Creatures (collateral kills)
  A foxfire (D:3)
1 creature vanquished.

Vanquished Creatures (others)
  54 foxfires
54 creatures vanquished.

Grand Total: 87 creatures vanquished

Notes
Turn   | Place    | Note
-------+----------+-------------------------------------------
     0 | D:1      | hawla the Meteoran Fire Elementalist began the quest for
                  | the Orb.
     0 | D:1      | Reached XP level 1. HP: 14/14 MP: 5/5
    64 | D:1      | Reached XP level 2. HP: 17/20 MP: 2/6
    76 | D:1      | Reached skill level 4 in Fire Magic
    79 | D:1      | Learned a level 2 spell: Scorch
   309 | D:1      | Reached XP level 3. HP: 25/26 MP: 4/8
   318 | D:1      | Found a faded altar of an unknown god.
   403 | D:2      | Reached XP level 4. HP: 33/33 MP: 4/10
   453 | D:2      | You fall into a shaft and drop 1 floor!
   565 | D:3      | HP: 1/34 [ball python (1)]
   565 | D:3      | Slain by an orc

Illustrated notes

Levels and vault maps discovered:
D:1:      minmay_arrival_checkered_box, layout_basic,
          chequers_ecumenical_altar_simple_redux, minmay_tetromino_t4
D:2:      layout_rooms, chequers_serial_rivers_micro_d, grunt_ministairs_3
D:3:      layout_loops_ring, serial_rivers, chequers_serial_rivers_small_a,
          chequers_serial_rivers_micro_d, chequers_serial_rivers_micro_e,
          chequers_serial_rivers_room_b, chequers_serial_rivers_micro_c,
          chequers_serial_rivers_micro_d, serial_shops, nicolae_shop_stone,
          hangedman_feature_mirror

Skill      XL: |  1  2 |
---------------+-------+-----
Spellcasting   | 3 |  3.7
Fire Magic     | 4 |  4.7
Fighting       | |  0.3
Dodging        | |  2.9
Stealth        | |  1.4
Conjurations   | |  1.5

Action                   |  1- 3 |  4- 6 || total
-------------------------+-------+-------++-------
Melee: Unarmed           |    13 |     6 ||    19
 Cast: Foxfire           |    23 |    12 ||    35
       Scorch            |     7 |     5 ||    12
  Use: Scroll            |     2 |     2 ||     4
       Potion            |       |     4 ||     4
Armor: Robe              |     3 |     8 ||    11
Dodge: Dodged            |     4 |    14 ||    18
